 Dungeon Crawl Stone Soup version 0.22.0-75-g3901e79 (webtiles) character file.

4361 bogdani the Blocker (level 10, -1/135 HPs)
             Began as a Hill Orc Fighter on Sept 15, 2018.
             Was a Believer of Beogh.
             Slain by a troll (8 damage)
             ... on level 8 of the Dungeon.
             The game lasted 00:39:20 (9076 turns).

bogdani the Blocker (Hill Orc Fighter)              Turns: 9076, Time: 00:39:22

Health: -1/135     AC: 25    Str: 23    XL:     10   Next: 34%
Magic:  10/10      EV:  2    Int:  8    God:    Beogh [**....]
Gold:   336        SH: 11    Dex: 12    Spells: 9/9 levels left

rFire    . . .     SeeInvis .   a - +4 mace
rCold    . . .     Gourm    .   c - +0 shield
rNeg     + + +     Faith    .   (armour currently unavailable)
rPois    +         Spirit   .   (helmet currently unavailable)
rElec    .         Reflect  .   (cloak currently unavailable)
rCorr    .         Harm     .   (gloves currently unavailable)
MR       .....     NoTele   +   (boots currently unavailable)
Stlth    ++........             (no amulet)
HPRegen  0.32/turn              q - ring of wizardry
MPRegen  0.12/turn              s - ring of stealth

@: tree-form, very slightly contaminated, invisible
A: agile 1
a: Smiting, Renounce Religion


You were on level 8 of the Dungeon.
You worshipped Beogh.
Beogh was pleased with you.
You were not hungry.
You were a tree.
You visited 1 branch of the dungeon, and saw 9 of its levels.

You collected 435 gold pieces.
You spent 99 gold pieces at shops.

Inventory:

Hand Weapons
 a - a +4 mace (weapon)
 b - the +5 hunting sling of Prudence {venom, MR+}
   (You found it on level 7 of the Dungeon)

   It poisons the ammo it fires.
   It affects your resistance to hostile enchantments.
 g - a +0 war axe
 r - a +0 short sword of draining
 H - a +4 scimitar of freezing
Missiles
 e - 149 sling bullets
Armour
 c - a +0 shield (worn)
 j - a +1 hat (melded)
 o - a +0 pair of boots (melded)
 A - a +1 cloak
 B - a +0 scale mail
 C - a scarf of poison resistance (melded)
 D - a +0 chain mail (melded)
Jewellery
 n - a cursed -3 ring of strength {unknown}
 q - a ring of wizardry (left branch)
 s - a ring of stealth (right branch)
Wands
 i - a wand of iceblast (11)
Scrolls
 d - a scroll of fear {unknown}
 k - 2 scrolls of blinking {unknown}
 m - 7 scrolls of remove curse
 p - 5 scrolls of teleportation
 t - a scroll of fog
 u - a scroll of magic mapping {unknown}
 v - 3 scrolls of amnesia {unknown}
 x - 2 scrolls of enchant armour {unknown}
 y - a scroll of vulnerability {unknown}
 F - a scroll of acquirement {unknown}
Potions
 h - 2 potions of flight
 l - 4 potions of brilliance
 w - 2 potions of invisibility
 z - a potion of ambrosia
 E - a potion of agility {unknown}
Comestibles
 f - 8 rations


   Skills:
 * Level 8.4 Fighting
 + Level 1.2 Short Blades
 + Level 4.7(7.4) Axes
 + Level 7.3(7.8) Maces & Flails
 + Level 2.4 Slings
 * Level 8.2 Armour
 + Level 2.2 Dodging
 * Level 8.7 Shields


You had 9 spell levels left.
You didn't know any spells.
Your spell library contained the following spells:

 Spells                   Type           Power        Failure   Level  Hunger
 Magic Dart               Conj           #...         34%         1    ##.....
 Blink                    Tloc           N/A          47%         2    ###....
 Call Imp                 Summ           #.......     47%         2    ###....
 Poisonous Vapours        Pois/Air       #.....       47%         2    ###....
 Slow                     Hex            #.......     47%         2    ###....
 Conjure Flame            Conj/Fire      #.......     71%         3    ####...
 Mephitic Cloud           Conj/Pois/Air  #.......     71%         3    ####...
 Static Discharge         Conj/Air       #.......     71%         3    ####...
 Conjure Ball Lightning   Conj/Air       #.........   100%        6    #######
 Deflect Missiles         Chrm/Air       #.........   100%        6    #######


Dungeon Overview and Level Annotations

Branches:
Dungeon (9/15)             Temple (0/1) D:4            Lair (0/6) D:8
    Orc: D:9-12

Altars:
Ashenzari
Cheibriados
Dithmenos
Fedhas
Hepliaklqana
Ru
Xom
Yredelemnul
The Shining One

Shops:
D:7 *


Innate Abilities, Weirdness & Mutations

You are agile. (Dex +2)
((Your flesh is cold resistant. (rC+)))


Message History

You barely miss the troll.
The troll is heavily wounded.
You block the troll's attack. The troll claws you but does no damage.
The troll claws you.
* * * LOW HITPOINT WARNING * * *
You sock the troll!
The troll is almost dead.
The troll bites you!
* * * LOW HITPOINT WARNING * * *
You block the troll's attack. x2
You barely miss the troll.
The troll is almost dead.
You cannot move.
A troll is nearby!
You barely miss the troll.
The troll is severely wounded.
The troll bites you!
* * * LOW HITPOINT WARNING * * *
The troll claws you!
You die...

#.###.# #.# #.##.###### #.# #.#
#.# ######.........#
#.###.#####.###.......#.####.#
#.##............####..#.# #.#
#...........########..#.####.#
#####..##.....................#
.._.......#######...#..########
.......##.######.......#
##.##.###..#....♣T.....##
#.##.#......###......#.##
#.##.#......# ##....###.#
#.##.#.._...# ##.##.#.(#
##.##.#......#####.###.#.#
...##.#......##....# ###.#
.#...........##.#### #.#
...######.#####.# #.# ...# #.#
#.# #.#


You could see a troll.

Vanquished Creatures
  Harold (D:8)
  A cyclops (D:8)
  Maurice (D:8)
  Joseph (D:8)
  A wraith (D:8)
  Menkaure (D:6)
  Duvessa (D:6)
  4 ogres
  A centaur (D:5)
  An elf zombie (D:8)
  A wyvern zombie (D:7)
  Dowan (D:6)
  A gnoll sergeant (D:6)
  3 scorpions
  5 killer bees (D:8)
  6 wights
  2 crimson imps
  3 bullfrog zombies (D:8)
  Crazy Yiuf (D:7)
  2 hounds
  5 human zombies (D:8)
  A centaur skeleton (D:4)
  2 iguanas
  7 worker ants
  A hound skeleton (D:8)
  3 mummies (D:8)
  A howler monkey zombie (D:6)
  A worker ant zombie (D:8)
  5 gnolls (D:6)
  16 adders
  2 river rats (D:6)
  4 shadow imps
  2 oozes
  An adder skeleton (D:4)
  6 worms
  A dart slug (D:4)
  5 leopard geckos
  6 orcs
  9 bats
  4 giant cockroaches
  5 goblins
  6 hobgoblins
  4 jackals (D:2)
  11 kobolds
  4 quokkas
  3 ball pythons (D:7)
  6 frilled lizards
  A jackal skeleton (D:6)
  A leopard gecko zombie (D:5)
  8 rats
169 creatures vanquished.

Vanquished Creatures (others)
  A hobgoblin (D:3)
  A quokka (D:3)
2 creatures vanquished.

Grand Total: 171 creatures vanquished

Notes
Turn   | Place    | Note
-------+----------+-------------------------------------------
     0 | D:1      | bogdani the Hill Orc Fighter began the quest for the Orb.
     0 | D:1      | Reached XP level 1. HP: 19/19 MP: 1/1
   298 | D:1      | Reached XP level 2. HP: 18/27 MP: 2/2
   958 | D:2      | Reached XP level 3. HP: 27/33 MP: 3/3
  1558 | D:2      | Found a shattered altar of Ashenzari.
  1701 | D:3      | Reached XP level 4. HP: 40/40 MP: 4/4
  2039 | D:3      | Reached XP level 5. HP: 28/46 MP: 5/5
  2073 | D:3      | Reached skill level 1 in Short Blades
  2073 | D:3      | Reached XP level 6. HP: 48/53 MP: 6/6
  2164 | D:3      | Became a worshipper of Beogh the Brigand
  2576 | D:4      | Reached skill level 1 in Dodging
  2726 | D:4      | Reached skill level 1 in Maces & Flails
  2726 | D:4      | Reached skill level 5 in Shields
  2753 | D:4      | Found a staircase to the Ecumenical Temple.
  2947 | D:4      | Reached skill level 5 in Fighting
  2947 | D:4      | Reached XP level 7. HP: 29/61 MP: 7/7
  3233 | D:4      | Reached skill level 5 in Armour
  3422 | D:4      | Gained mutation: Your flesh is cold resistant. (rC+)
                  | [potion of mutation]
  3422 | D:4      | Gained mutation: You are agile. (Dex +2) [potion of
                  | mutation]
  3643 | D:5      | Entered Level 5 of the Dungeon
  3700 | D:5      | Reached * piety under Beogh
  3916 | D:5      | Found a snail-covered altar of Cheibriados.
  3945 | D:5      | Found a blossoming altar of Fedhas.
  4137 | D:5      | Found the heavily jewelled robe
  4636 | D:6      | Noticed Menkaure
  4639 | D:6      | Noticed Duvessa
  4640 | D:6      | Noticed Dowan
  4643 | D:6      | Killed Menkaure
  4643 | D:6      | Reached XP level 8. HP: 37/69 MP: 8/8
  4649 | D:6      | Killed Duvessa
  4655 | D:6      | Killed Dowan
  4956 | D:6      | Found a shimmering altar of Xom.
  4956 | D:6      | Found a shimmering altar of Xom.
  4956 | D:6      | Found a shimmering altar of Xom.
  4957 | D:6      | Found a shimmering altar of Xom.
  4958 | D:6      | Found a shimmering altar of Xom.
  4958 | D:6      | Found a shimmering altar of Xom.
  4959 | D:6      | Found a shimmering altar of Xom.
  4994 | D:6      | HP: 3/70 [worm (8)]
  5004 | D:6      | HP: 1/70 [worm (9)]
  5380 | D:6      | Found a glowing golden altar of the Shining One.
  5811 | D:6      | You fall through a shaft!
  6316 | D:7      | Found a runed door.
  6320 | D:7      | Noticed Crazy Yiuf
  6335 | D:7      | Killed Crazy Yiuf
  6560 | D:7      | Found a glowing golden altar of the Shining One.
  6569 | D:7      | Got an ancient hunting sling
  6570 | D:7      | Identified the +5 hunting sling of Prudence {venom, MR+}
                  | (You found it on level 7 of the Dungeon)
  6580 | D:7      | Found Nill's Serpentskin Sales.
  6589 | D:7      | Bought a scarf of poison resistance for 99 gold pieces
  6651 | D:7      | Reached ** piety under Beogh
  6926 | D:7      | Reached XP level 9. HP: 66/78 MP: 9/9
  7150 | D:8      | Noticed Maurice
  7252 | D:8      | Noticed a cyclops
  7276 | D:8      | Killed a cyclops
  7276 | D:8      | Reached skill level 5 in Maces & Flails
  7625 | D:8      | Noticed Joseph
  7633 | D:8      | Killed Joseph
  7893 | D:8      | Identified the Grimoire of Lightness
  7937 | D:8      | Reached skill level 1 in Slings
  8118 | D:8      | Killed Maurice
  8177 | D:8      | Found a staircase to the Lair.
  8196 | D:8      | Found a shadowy altar of Dithmenos.
  8204 | D:8      | Noticed Harold
  8224 | D:8      | Killed Harold
  8224 | D:8      | Reached XP level 10. HP: 61/88 MP: 10/10
  8398 | D:8      | Found a hazy altar of Hepliaklqana.
  8404 | D:8      | Found a sacrificial altar of Ru.
  8794 | D:8      | Found a basalt altar of Yredelemnul.
  9050 | D:9      | Noticed a two-headed ogre
  9076 | D:8      | Slain by a troll

Skill      XL: |  1  2  3  4  5  6  7  8  9 10 |
---------------+-------------------------------+-----
Armour         | 4 5 6 8 |  8.2
Fighting       | 4 5 6 8 |  8.4
Axes           | 3 4 |  4.7
Shields        | 4 5 6 7 8 |  8.7
Short Blades   | 1 |  1.2
Dodging        | 1 2 |  2.2
Maces & Flails | 1 3 4 7 |  7.3
Slings         | 1 2 |  2.4

Action                   |  1- 3 |  4- 6 |  7- 9 | 10-12 || total
-------------------------+-------+-------+-------+-------++-------
Melee: War axe           |   125 |     6 |       |       ||   131
       Short sword       |       |    63 |       |       ||    63
       Mace              |       |    82 |   351 |   104 ||   537
 Fire: Hunting sling     |       |       |    16 |     4 ||    20
Invok: Convert to Beogh  |       |     1 |       |       ||     1
  Use: Potion            |       |     7 |    10 |     2 ||    19
       Scroll            |       |     2 |     6 |       ||     8
 Stab: Invisible         |       |       |       |     2 ||     2
  Eat: Chunk             |     2 |     4 |     3 |       ||     9
       Ration            |       |       |     5 |     1 ||     6
Armor: Scale mail        |    58 |    63 |   109 |       ||   230
       Skin              |       |    11 |       |     7 ||    18
       Chain mail        |       |       |    51 |    29 ||    80
Dodge: Dodged            |    39 |    44 |   115 |    23 ||   221
Block: Shield            |    63 |    81 |   213 |    47 ||   404
